AoeStats
← beneath mariana

QS Arena

502892888Analyzed
4v4 RM · 1mo ago on Aug 29, 2026· 39m 28s· 8 players
Game mode
Random Map
Map size
Large (8 player)
Population
200
Speed
Normal
Resources
Standard
Victory
Conquest
Starting age
Dark Age
Ending age
Imperial Age
RankedLock teamsTeams togetherTeam positionsShared explorationLock speedFull tech treeHidden civsTurbo modeCheats
Victory
Defeat
🇨🇳 Maya · China
1636
+10
🇨🇳 Jurchens · China
1588
+12
🇨🇳 Bohemians · China
1505
+15
🇨🇳 Berbers · China
1466
+17
🇨🇳 Burmese · China
1534
-15
🇹🇼 Turks · Taiwan
1514
-14
🇨🇳 Aztecs · China
1478
-13
🇨🇳 Franks · China
1431
-11
old f1sh
7:49 Feudal Age
11:51 Castle Age
10:27 Double-Bit Axe
11:00 Horse Collar
11:52 Gold Mining
14:29 Sanctity
16:31 Fervor
19:41 Redemption
27:31 Imperial Age
25:55 Atonement
26:04 Stone Mining
26:51 Gold Shaft Mining
28:51 Block Printing
29:32 Illumination
29:42 Theocracy
32:07 Conscription
31:49 Atlatl
32:13 Fletching
33:46 Bodkin Arrow
33:51 Padded Archer Armor
34:54 Wheelbarrow
34:31 Elite Skirmisher
36:18 Murder Holes
beneath mariana
8:03 Feudal Age
11:56 Castle Age
9:50 Horse Collar
13:10 Heavy Plow
15:38 Loom
17:52 Fervor
19:02 Wheelbarrow
19:19 Town Watch
19:38 Gold Mining
20:06 Hand Cart
21:29 Town Watch
22:30 Gold Shaft Mining
22:31 Town Patrol
26:27 Imperial Age
24:04 Scale Barding Armor
24:29 Forging
24:38 Stone Mining
25:18 Chain Barding Armor
24:43 Treadmill Crane
25:17 Fortified Wall
25:40 Bloodlines
25:30 Husbandry
25:55 Masonry
27:56 Plate Barding Armor
27:20 Elite Battle Elephant
29:37 Squires
29:57 Man-at-Arms
30:22 Gambesons
30:47 Long Swordsman
32:12 Conscription
32:20 Two-Handed Swordsman
34:14 Iron Casting
33:11 Champion
34:09 Scale Mail Armor
35:56 Blast Furnace
35:35 Howdah
35:37 Devotion
36:16 Chain Mail Armor
36:30 Guilds
39:22 Plate Mail Armor
涅槃重生
2:31 Loom
8:58 Feudal Age
12:54 Castle Age
11:02 Double-Bit Axe
27:03 Imperial Age
24:57 Bow Saw
25:05 Scale Barding Armor
25:14 Gold Mining
25:16 Stone Mining
25:39 Forging
26:29 Wheelbarrow
25:40 Town Watch
26:40 Chain Barding Armor
27:07 Cavalier
27:49 Husbandry
27:51 Scale Mail Armor
28:28 Plate Barding Armor
28:30 Iron Casting
28:40 Paladin
30:16 Chivalry
32:38 Gold Shaft Mining
yclin124
8:26 Feudal Age
12:13 Castle Age
11:42 Double-Bit Axe
13:20 Bow Saw
12:53 Horse Collar
13:39 Loom
20:09 Heavy Plow
20:06 Gold Mining
21:30 Wheelbarrow
25:37 Imperial Age
23:07 Stone Mining
24:43 Padded Archer Armor
25:46 Padded Archer Armor
25:37 Fletching
32:16 Conscription
34:24 Leather Archer Armor
Mr.Robin
8:04 Feudal Age
11:55 Castle Age
10:08 Double-Bit Axe
10:16 Horse Collar
12:53 Bow Saw
20:42 Scale Barding Armor
20:37 Light Cavalry
21:34 Devotion
21:58 Forging
21:43 Loom
25:01 Wheelbarrow
27:29 Imperial Age
24:45 Town Watch
25:33 Bloodlines
25:23 Husbandry
25:52 Chain Barding Armor
26:15 Ballistics
25:57 Stone Mining
25:57 Gold Mining
27:34 Hand Cart
27:57 Iron Casting
28:16 Gold Shaft Mining
27:38 Heavy Camel Rider
29:53 Plate Barding Armor
30:44 Conscription
30:33 Thumb Ring
31:44 Heavy Plow
31:48 Kasbah
31:39 Fletching
33:00 Stone Shaft Mining
32:34 Elite Camel Archer
33:15 Bodkin Arrow
33:21 Padded Archer Armor
33:49 Hussar
34:38 Bracer
35:46 Chemistry
37:03 Leather Archer Armor
37:47 Maghrebi Camels
38:48 Ring Archer Armor
时逝
2:39 Loom
9:04 Feudal Age
9:35 Double-Bit Axe
12:38 Castle Age
10:31 Horse Collar
14:53 Fervor
16:38 Heavy Plow
19:45 Wheelbarrow
21:06 Hand Cart
21:23 Atonement
21:18 Fletching
22:10 Bodkin Arrow
22:56 Crossbowman
24:40 Town Watch
28:57 Imperial Age
26:24 Treadmill Crane
27:46 Ballistics
27:44 Padded Archer Armor
29:28 Chemistry
29:17 Leather Archer Armor
29:40 Bracer
29:17 Arbalester
31:04 Siege Engineers
31:27 Conscription
32:18 Bow Saw
32:41 Squires
32:05 Pikeman
33:03 Scale Mail Armor
33:04 Halberdier
34:00 Chain Mail Armor
35:13 Plate Mail Armor
35:38 Houfnice
37:28 Two-Man Saw
38:19 Bombard Tower
38:43 Forging
39:04 Ring Archer Armor
40:30 Iron Casting
顾慎为
7:36 Feudal Age
11:09 Castle Age
9:11 Double-Bit Axe
9:45 Horse Collar
12:15 Bow Saw
19:01 Wheelbarrow
19:26 Heavy Plow
20:32 Hand Cart
20:54 Gold Mining
22:07 Stone Mining
25:04 Imperial Age
22:33 Loom
22:34 Town Watch
23:16 Treadmill Crane
23:44 Scale Barding Armor
23:49 Forging
24:16 Stone Shaft Mining
24:17 Gold Shaft Mining
24:49 Chain Barding Armor
24:50 Ballistics
24:23 Guard Tower
25:02 Husbandry
25:12 Bloodlines
25:32 Fletching
25:56 Siege Engineers
27:12 Chemistry
27:52 Two-Man Saw
27:13 Masonry
27:19 Fortified Wall
26:34 Pikeman
27:14 Squires
27:37 Scale Mail Armor
28:12 Iron Casting
28:23 Bodkin Arrow
28:00 Halberdier
29:34 Chain Mail Armor
29:38 Bracer
29:38 Gambesons
29:38 Arson
30:08 Fortified Bastions
31:33 Masonry
32:11 Padded Archer Armor
32:48 Iron Casting
33:46 Architecture
33:03 Arrowslits
34:40 Blast Furnace
35:57 Blast Furnace
34:31 Heavy Scorpion
36:09 Conscription
37:32 Keep
虹夏妈妈
7:53 Feudal Age
8:57 Double-Bit Axe
11:38 Castle Age
9:52 Horse Collar
13:08 Wheelbarrow
12:47 Bow Saw
18:04 Gold Mining
19:40 Hand Cart
19:12 Loom
23:57 Imperial Age
22:09 Scale Mail Armor
22:30 Eagle Warrior
23:28 Forging
23:46 Squires
23:32 Arson
24:07 Elite Eagle Warrior
25:06 Chain Mail Armor
26:08 Iron Casting
26:50 Plate Mail Armor
27:57 Blast Furnace
30:09 Holcans
32:43 Coinage
35:18 Banking
34:55 Pikeman
39:05 Town Watch
Connection lost

Rejoining the realm…

Still unreachable

The connection could not be restored.

Session expired

The server has moved on; the page needs a fresh start.